 Dungeon Crawl Stone Soup version 0.24.0-13-gcf9b319 (webtiles) character file.

Game seed: 9912867852650856808, levelgen mode: deterministic

3437 Fang the Fighter (level 10, 0/64 HPs)
             Began as a Gargoyle Berserker on Dec 4, 2019.
             Was an Elder of Trog.
             Slain by a yak (2 damage)
             ... on level 7 of the Dungeon.
             The game lasted 00:06:11 (6950 turns).

Fang the Fighter (Gargoyle Berserker)               Turns: 6950, Time: 00:06:12

Health: 0/64       AC: 20    Str: 31    XL:     10   Next: 5%
Magic:  10/10      EV: 10    Int:  7    God:    Trog [****..]
Gold:   433        SH:  3    Dex:  9    Spells: 9/9 levels left

rFire    + . .     SeeInvis .   a - +0 hand axe
rCold    + . .     Gourm    .   (no shield)
rNeg     + . .     Faith    .   b - +0 plate armour
rPois    ∞         Spirit   .   (no helmet)
rElec    +         Reflect  +   n - scarf {rC+ rF+}
rCorr    .         Harm     .   (no gloves)
MR       ++...                  (no boots)
Stlth    ..........             z - +3 amulet of reflection
HPRegen  1.20/turn              r - ring of attention (curse)
MPRegen  0.12/turn              A - +6 ring of strength

@: berserk cooldown, regenerating, slowed, very slow
A: negative energy resistance 1, electricity resistance, unbreathing,
petrification resistance, rot immunity, AC +7
a: Berserk, Trog's Hand, Brothers in Arms, Renounce Religion


You were on level 7 of the Dungeon.
You worshipped Trog.
Trog was greatly pleased with you.
You were not hungry.

You visited 2 branches of the dungeon, and saw 8 of its levels.

You collected 433 gold pieces.

Inventory:

Hand Weapons
 a - a +0 hand axe (weapon)
Armour
 b - a +0 plate armour (worn)
 n - a scarf of resistance (worn)
Jewellery
 r - a cursed ring of attention (left hand)
 z - a +3 amulet of reflection (around neck)
 A - a +6 ring of strength (right hand)
Wands
 u - a wand of flame (20)
Scrolls
 d - 11 scrolls of identify {unknown}
 g - 3 scrolls of random uselessness {unknown}
 k - 6 scrolls of remove curse {unknown}
 m - a scroll of blinking {unknown}
 o - a scroll of fog {unknown}
 p - 3 scrolls of amnesia {unknown}
 t - a scroll of immolation {unknown}
 y - a scroll of teleportation {unknown}
Potions
 e - 2 potions of flight {unknown}
 f - 2 potions of heal wounds {unknown}
 h - 2 potions of lignification {unknown}
 i - 4 potions of curing {unknown}
 j - a potion of ambrosia {unknown}
 l - a potion of degeneration {unknown}
 q - 2 potions of haste
 s - 3 potions of might {unknown}
 v - a potion of berserk rage {unknown}
 w - 2 potions of magic {unknown}
 x - a potion of invisibility {unknown}
Comestibles
 c - 11 rations


   Skills:
 + Level 8.3 Fighting
 + Level 7.0 Axes
 + Level 8.0 Armour
 + Level 6.0 Dodging


You had 9 spell levels left.
You didn't know any spells.
Your spell library was empty.

Dungeon Overview and Level Annotations

Branches:
Dungeon (7/15)             Temple (1/1) D:5

Altars:
Ashenzari
Cheibriados
Dithmenos
Fedhas
Gozag
Makhleb
Nemelex Xobeh
Vehumet
Xom

Shops:
D:4 *%   D:6 *

Annotations:
D:6 exclusion: oklob plant


Innate Abilities, Weirdness & Mutations

You are resistant to torment.
Your stone body is resilient. (AC +7)
You are immune to poison.
You resist negative energy. (rN+)
You are resistant to electric shocks. (rElec)
You can survive without breathing.
You are immune to petrification.
You are immune to rotting.


Message History

The bullfrog hits you but does no damage.
The yak gores you but does no damage.
The quokka bites you but does no damage.
The bullfrog hits you.
* * * LOW HITPOINT WARNING * * *
The yak gores you but does no damage.
Things that are here:
a +0 glaive; a +0 plate armour; an orc corpse The yak gores you!
* * * LOW HITPOINT WARNING * * *
The bullfrog hits you.
* * * LOW HITPOINT WARNING * * *
The yak closely misses you.
You feel the effects of Trog's Hand fading.
The bullfrog misses you. The bullfrog hits you.
* * * LOW HITPOINT WARNING * * *
The yak gores you but does no damage.
The killer bee zombie hits you but does no damage.
The yak gores you.
You die...

..........
#........#
##.......#
##.......#
##.....)..##
#..........#
###YYr.......
#.YF........
##@Y.#......
##).Z.#......
##.._..#......
#.............
#...#.........
##...........
#...........#
##......##...
#.#.#.####..


You could see 4 yaks, a bullfrog, a killer bee zombie and a quokka.

Vanquished Creatures
  Grinder (D:3)
  3 yaks
  A water moccasin (D:6)
  An orc warrior (D:7)
  2 sky beasts (D:7)
  2 phantoms
  An ice beast (D:5)
  A centaur (D:6)
  2 ogres (D:6)
  2 big kobolds
  4 bullfrogs
  4 wights (D:6)
  A howler monkey (D:5)
  2 crimson imps
  A centaur zombie (D:5)
  A bullfrog zombie (D:5)
  5 hounds
  A jelly (D:6)
  4 orc wizards
  Crazy Yiuf (D:4)
  An orc priest (D:7)
  2 centaur skeletons
  Natasha (thrice) (D:2)
  Terence (D:3)
  5 worker ants
  2 worker ant zombies
  A howler monkey zombie (D:6)
  3 gnolls (D:3)
  A howler monkey skeleton (D:6)
  10 adders
  A shadow imp (D:5)
  2 oozes
  6 dart slugs
  2 worms (D:2)
  12 leopard geckos
  8 orcs
  3 giant cockroaches
  14 goblins
  4 hobgoblins
  16 kobolds
  4 quokkas
  9 bats
  5 frilled lizards
  3 rats (D:1)
158 creatures vanquished.

Notes
Turn   | Place    | Note
-------+----------+-------------------------------------------
     0 | D:1      | Fang the Gargoyle Berserker began the quest for the Orb.
     0 | D:1      | Reached XP level 1. HP: 14/14 MP: 1/1
   363 | D:1      | Reached XP level 2. HP: 18/19 MP: 2/2
   638 | D:1      | Reached XP level 3. HP: 20/23 MP: 3/3
  1110 | D:2      | Noticed Natasha
  1117 | D:2      | Killed Natasha
  1393 | D:2      | Reached XP level 4. HP: 29/29 MP: 4/4
  1415 | D:2      | Reached ** piety under Trog
  2024 | D:2      | Reached XP level 5. HP: 25/33 MP: 5/5
  2118 | D:2      | Noticed Natasha
  2126 | D:2      | Killed Natasha
  2430 | D:2      | Noticed Natasha
  2441 | D:2      | Killed Natasha
  2482 | D:3      | You fall into a shaft and drop 1 floor!
  2491 | D:4      | Reached XP level 6. HP: 25/39 MP: 6/6
  2666 | D:4      | Found a radiant altar of Vehumet.
  2667 | D:4      | Found a shimmering altar of Xom.
  2695 | D:4      | Found a runed translucent door.
  2696 | D:4      | Noticed Crazy Yiuf
  2781 | D:4      | Found Mmeoscho's Merry Market.
  2955 | D:4      | Reached *** piety under Trog
  3152 | D:4      | Found Viki's Food Emporium.
  3223 | D:4      | Reached skill level 5 in Fighting
  3223 | D:4      | Reached XP level 7. HP: 22/44 MP: 7/7
  3495 | D:4      | Found a burning altar of Makhleb.
  3620 | D:4      | Killed Crazy Yiuf
  3699 | D:5      | Entered Level 5 of the Dungeon
  3748 | D:5      | Found a staircase to the Ecumenical Temple.
  3797 | Temple   | Entered the Ecumenical Temple
  3875 | D:5      | Noticed a yak
  3884 | D:5      | Reached skill level 5 in Armour
  3891 | D:5      | Reached XP level 8. HP: 45/51 MP: 5/8
  3906 | D:5      | Killed a yak
  3906 | D:5      | Reached skill level 5 in Axes
  4144 | D:5      | Found a sparkling altar of Nemelex Xobeh.
  4652 | D:3      | Noticed Grinder
  4675 | D:3      | Killed Grinder
  4817 | D:3      | Found a shadowy altar of Dithmenos.
  4870 | D:3      | Noticed Terence
  4882 | D:3      | Killed Terence
  4913 | D:3      | Found an opulent altar of Gozag.
  5259 | D:6      | Found a shattered altar of Ashenzari.
  5282 | D:6      | Reached XP level 9. HP: 17/56 MP: 9/9
  5545 | D:6      | Reached skill level 5 in Dodging
  5856 | D:6      | Reached **** piety under Trog
  6112 | D:6      | Found a blossoming altar of Fedhas.
  6112 | D:6      | Noticed an oklob plant
  6367 | D:6      | Found Vamijupp's Assorted Antiques.
  6903 | D:7      | Found a snail-covered altar of Cheibriados.
  6938 | D:7      | Reached XP level 10. HP: 30/64 MP: 10/10
  6950 | D:7      | HP: 2/64 [bullfrog (3)]
  6950 | D:7      | Slain by a yak

Levels and vault maps discovered:
D:1:      minmay_arrival_split_and_join, layout_loops_ring, minivault_27,
          chequers_serial_rivers_marsh, minmay_statues_item,
          wander_ebering_terrifying_dragon_lair
D:2:      layout_rooms, minmay_pentomino_u4, uniq_natasha
D:3:      layout_rooms, nicolae_gozag_cash_rules_everything_around_me,
          grunt_dithmenos_smoke, uniq_grinder, uniq_terence
D:4:      layout_rooms, grunt_temple_overflow_open, serial_shops, shop,
          first_ration, kennysheep_big_empty_room, nicolae_alphabet_shops,
          makhleb_heckhound_becter, uniq_crazy_yiuf_cottage
D:5:      cheibrodos_fzero, layout_basic, nemelex_xobeh_ov_fountains_minmay,
          minmay_temple_entry_junction
D:6:      layout_loops_ring, overflow_temple_1_default, serial_shops, shop,
          lemuel_oklob_altar
D:7:      layout_cave_pools, okawaru_humans, cheibriados_altar_1
Temple:   minmay_temple_bridge_abc

Skill      XL: |  1  2  3  4  5  6  7  8  9 10 |
---------------+-------------------------------+-----
Axes           | 3 4 5 6 7 |  7.0
Dodging        | 2 3 4 5 6 |  6.0
Armour         | 3 4 5 6 7 8 |  8.0
Fighting       | 4 5 6 8 |  8.3

Action                   |  1- 3 |  4- 6 |  7- 9 | 10-12 || total
-------------------------+-------+-------+-------+-------++-------
Melee: Hand axe          |   102 |   201 |   464 |     8 ||   775
Invok: Berserk           |     2 |     3 |     7 |       ||    12
       Trog's Hand       |       |       |     2 |     1 ||     3
  Eat: Chunk             |     3 |     8 |    11 |       ||    22
       Ration            |       |       |     3 |       ||     3
Armor: Animal skin       |    32 |    77 |     4 |       ||   113
       Plate armour      |       |       |   359 |    16 ||   375
Dodge: Dodged            |    82 |   147 |   249 |    19 ||   497
Block: Other             |       |       |     4 |     1 ||     5
